 Dungeon Crawl Stone Soup version bcrawl-1.23.3 (webtiles) character file.

Game seed: 3864602329579901235

36354 Morbidden the Geomancer (level 13, 0/106 HPs)
             Began as a Demigod Earth Elementalist on June 3, 2020.
             Slain by an anaconda (14 damage)
             ... on level 6 of the Lair of Beasts on June 4, 2020.
             The game lasted 00:54:19 (17645 turns).

Morbidden the Geomancer (DgEE)                     Turns: 17645, Time: 00:54:20

Health: 0/106      AC: 10    Str: 12    XL:     13   Next: 52%
Magic:  25/28      EV: 17    Int: 27    God:    Demigod [*****.]
Gold:   852        SH:  2    Dex: 24    Spells: 17/27 levels left

rFire    + . .     SeeInvis +   B - +6 great mace "Hydrabane" {drain, +Rage rElec MR+}
rCold    . . .     Gourm    .   (shield currently unavailable)
rNeg     . . .     Faith    .   F - +1 troll leather armour
rPois    .         Spirit   .   i - +1 hat
rElec    +         Reflect  +   c - +0 cloak
rCorr    .         Harm     .   G - +2 pair of gloves {Dex+3}
MR       +++..                  (no boots)
Stlth    +++.......             l - +2 amulet of reflection
HPRegen  0.67/turn              K - ring of Xom's Displeasure {rElec MR+ Dex+4 SInv}
MPRegen  0.21/turn              L - ring of protection from fire (curse)

@: constricted
A: high mp 1
a: Temporal Distortion, Growth, Major Destruction, Heroism, Divine Shield, Evoke
Berserk Rage


You were on level 6 of the Lair of Beasts.
You worshipped Demigod.
Demigod was extremely pleased with you.
You were not hungry.

You visited 2 branches of the dungeon, and saw 15 of its levels.
You also visited: Ice Cave.

You collected 852 gold pieces.

Inventory:

Hand Weapons
 x - a +2 broad axe of freezing
 B - the +6 great mace "Hydrabane" (weapon) {drain, +Rage rElec MR+}
   (You found it on level 6 of the Dungeon)

   A truly terrible weapon, it drains the life of those it strikes.
   It insulates you from electricity.
   It affects your resistance to hostile enchantments.
   It lets you go berserk.
Missiles
 m - 1551 stones (quivered)
 N - 4 throwing nets {!f}
Armour
 c - a +0 cloak (worn)
 i - a +1 hat (worn)
 F - a +1 troll leather armour (worn)
 G - a +2 pair of gloves of dexterity (worn)
 M - a +2 ring mail of cold resistance
 T - the +1 chain mail of Cloud Cover {rN+, unknown}
   (You found it on level 5 of the Lair of Beasts)

   It protects you from negative energy.
Jewellery
 l - a +2 amulet of reflection (around neck)
 w - an uncursed ring of flight
 K - the ring of Xom's Displeasure (left hand) {rElec MR+ Dex+4 SInv}
   (You found it on level 2 of the Lair of Beasts)

   [ring of protection from magic]

   It affects your dexterity (+4).
   It insulates you from electricity.
   It affects your resistance to hostile enchantments.
   It lets you see invisible.
 L - a cursed ring of protection from fire (right hand)
Wands
 s - a wand of polymorph (14)
 v - a wand of random effects (22)
 y - a wand of enslavement (1)
 I - a wand of iceblast (4)
 J - a wand of flame (33)
 O - a wand of acid (5)
Scrolls
 a - 3 scrolls of enchant weapon
 d - 11 scrolls of identify
 j - 8 scrolls of fog
 n - 2 scrolls of magic mapping
 o - 15 scrolls of remove curse
 p - a scroll of fear
 r - 7 scrolls of teleportation
 t - 3 scrolls of amnesia
 C - 4 scrolls of enchant armour
 P - a scroll of vulnerability {unknown}
 Q - a scroll of immolation {unknown}
Potions
 b - a potion of magic {unknown}
 f - 2 potions of invisibility
 g - 3 potions of resistance {unknown}
 h - 3 potions of mutation {unknown}
 k - 9 potions of curing
 q - 2 potions of degeneration {unknown}
 u - 5 potions of heal wounds
 z - 3 potions of might {unknown}
 A - 2 potions of ambrosia {unknown}
 D - 2 potions of agility {unknown}
 E - 2 potions of brilliance {unknown}
 H - 2 potions of flight {unknown}
 R - a potion of cancellation {unknown}
 S - 2 potions of lignification
Comestibles
 e - 35 rations {!d}
 U - 14 chunks of flesh


   Skills:
 * Level 7.6 Fighting
 + Level 7.3 Maces & Flails
 + Level 2.7 Armour
 * Level 8.6 Dodging
 + Level 4.0 Stealth
 + Level 2.2 Unarmed Combat
 * Level 7.5 Spellcasting
 * Level 9.4 Conjurations
 + Level 2.0 Transmutations
 + Level 9.6 Earth Magic
 * Level 7.5 Invocations
 + Level 0.3 Evocations


You had 17 spell levels left.
You knew the following spells:

 Your Spells              Type           Power        Failure   Level  Hunger
a - Sandblast             Erth           ######       1%          1    None
b - Stone Arrow           Conj/Erth      ######       1%          3    None
c - Passwall              Tmut/Erth      #####...     1%          2    None
d - Petrify               Tmut/Erth      #####...     6%          4    ##.....

Your spell library contained the following spells:

 Spells                   Type           Power        Failure   Level  Hunger
 Magic Dart               Conj           ####         1%          1    None
 Searing Ray              Conj           ######..     1%          2    None
 Iskenderun's Mystic Bla  Conj           ######..     1%          3    None
 Conjure Flame            Conj/Fire      #####...     3%          3    None
 Dazzling Spray           Conj/Hex       #####.       3%          3    None
 Lee's Rapid Deconstruct  Erth           ######....   3%          5    ####...
 Mephitic Cloud           Conj/Pois/Air  ####....     6%          3    None
 Apportation              Tloc           ##....       7%          1    None
 Corona                   Hex            ##.....      7%          1    None
 Infusion                 Chrm           ##......     7%          1    None
 Slow                     Hex            ##......     7%          1    None
 Summon Butterflies       Summ           ##......     7%          1    None
 Fulminant Prism          Conj/Hex       #####.....   10%         4    ##.....
 Blink                    Tloc           N/A          11%         2    None
 Call Imp                 Summ           ##....       11%         2    None
 Ensorcelled Hibernation  Hex/Ice        ##....       11%         2    None
 Shackle                  Hex            ##......     11%         2    None
 Spider Form              Tmut/Pois      ###          14%         3    None
 Irradiate                Conj/Tmut      #####.....   19%         5    ####...
 Confuse                  Hex            ##......     22%         3    None
 False Image              Hex/Summ       ##......     22%         3    None
 Inner Flame              Hex/Fire       N/A          22%         3    None
 Tukima's Dance           Hex            ##......     22%         3    None
 Yara's Violent Unravell  Hex/Tmut       ###.......   43%         4    ##.....
 Cause Fear               Hex            ##........   56%         4    ##.....


Dungeon Overview and Level Annotations

Branches:
Dungeon (9/12)             Temple (0/1) D:5            Lair (6/6) D:8
  Swamp (0/3) Lair:2       Spider (0/3) Lair:3        Slime (0/5) Lair:5
    Orc (0/1) D:9

Shops:
D:6 *

Annotations:
Lair:1 exclusion: oklob plant


Innate Abilities, Weirdness & Mutations

You have an increased reservoir of magic. (+10% MP)


Message History

Press: ? - help, Shift-Dir - straight line, f/p - anaconda
Aim: an anaconda (moderately wounded, constricting you)
The blast of sand misses the anaconda.
m - 1551 stones The anaconda bites you!
* * * LOW HITPOINT WARNING * * *
x2 The anaconda constricts you.
The anaconda bites you.
* * * LOW HITPOINT WARNING * * *
x2 The anaconda constricts you.
Unknown command.
Unknown command.
Attempting to read a scroll while constricted might waste it - continue anyway?
Okay, then.
You feel much better. The ice encasing you melts away. The anaconda bites you!
* * * LOW HITPOINT WARNING * * *
x2 The anaconda constricts you.
The anaconda bites you!
You die...
Your divinity fades.

.......P..PPP......
............P...........
........................
........................
...........P............
..........P.........P...
........................
.#......................
P##........#....@†......
####...####.#....S......
##.## #####..#.##### ###
###..# ##.# ##


You could see an anaconda.

Vanquished Creatures
  Harold (Lair:3)
  4 hydras
  A catoblepas (Lair:4)
  A two-headed ogre (D:7)
  An unseen horror (D:9)
  A wolf spider (Lair:3)
  A necromancer (IceCv)
  A faun (Lair:1)
  A manticore (Lair:4)
  3 ice statues (IceCv)
  A gargoyle (D:9)
  3 black mambas
  3 rime drakes
  11 cane toads
  5 komodo dragons
  8 ice devils (IceCv)
  A jumping spider (Lair:3)
  2 polar bears (Lair:2)
  A hornet (D:8)
  6 blink frogs
  3 trolls
  A slime creature (Lair:5)
  5 hippogriffs
  9 dream sheep
  A vampire (D:9)
  13 yaks
  A steam dragon (Lair:3)
  2 hungry ghosts
  A basilisk (Lair:4)
  Menkaure (D:7)
  4 wargs (D:9)
  A swamp worm (Lair:2)
  Edmund (D:5)
  8 crocodiles
  2 acid dragons
  5 porcupines
  6 water moccasins
  3 sky beasts
  An orc warrior (D:7)
  2 black bears
  4 phantoms
  5 ice beasts
  52 wolves
  5 centaurs
  7 ogres
  3 big kobolds (D:9)
  Blork the orc (D:6)
  4 bullfrogs
  A wyvern skeleton (D:8)
  2 scorpions
  3 killer bees (D:7)
  8 wights
  An electric eel (Lair:5)
  3 howler monkeys
  A centaur zombie (D:7)
  A crimson imp (D:4)
  2 lava snakes (Lair:5)
  4 draconian simulacra (IceCv)
  A bullfrog zombie (D:5)
  4 hounds
  2 bullfrog skeletons
  4 jellies
  A centaur skeleton (D:8)
  2 orc priests (D:8)
  4 orc wizards
  2 iguanas
  Natasha (thrice) (D:3 D:6)
  3 troll simulacra (IceCv)
  8 worker ants
  A spriggan simulacrum (IceCv)
  A hound zombie (D:5)
  A howler monkey zombie (D:5)
  2 worker ant zombies
  6 gnolls
  7 adders
  2 naga simulacra (IceCv)
  4 shadow imps
  An ooze (D:2)
  3 adder skeletons
  2 worms (D:2)
  3 dart slugs
  3 leopard geckos
  24 orcs
  8 bats
  2 giant cockroaches
  13 hobgoblins
  11 jackals
  5 quokkas
  5 frilled lizards
  2 goblins
  A jackal skeleton (D:2)
  5 kobolds
  8 rats
387 creatures vanquished.

Vanquished Creatures (collateral kills)
  A killer bee (D:7)
1 creature vanquished.

Vanquished Creatures (others)
  A blink frog (Lair:2)
  A black bear (D:9)
  A killer bee (D:7)
  9 fungi
  8 plants
20 creatures vanquished.

Grand Total: 408 creatures vanquished

Notes
Turn   | Place    | Note
-------+----------+-------------------------------------------
     0 | D:1      | Morbidden the Demigod Earth Elementalist began the quest
                  | for the Orb.
     0 | D:1      | Reached XP level 1. HP: 14/14 MP: 5/5
   151 | D:1      | Reached XP level 2. HP: 17/20 MP: 2/7
   906 | D:2      | Reached * piety under Demigod
   965 | D:2      | Found a glowing golden altar of the Shining One.
  1024 | D:2      | Reached XP level 3. HP: 26/26 MP: 9/9
  1037 | D:2      | Learned a level 3 spell: Stone Arrow
  1186 | D:2      | Found an iron altar of Okawaru.
  1813 | D:2      | Reached XP level 4. HP: 28/34 MP: 3/10
  2622 | D:3      | Noticed Natasha
  2637 | D:3      | Killed Natasha
  2913 | D:3      | Reached skill level 1 in Conjurations
  2980 | D:3      | Found an opulent altar of Gozag.
  3042 | D:4      | Reached XP level 5. HP: 39/39 MP: 7/11
  3091 | D:4      | Noticed an ogre
  3554 | D:4      | Killed an ogre
  3554 | D:4      | Reached skill level 1 in Fighting
  3729 | D:4      | Reached XP level 6. HP: 41/47 MP: 0/13
  4034 | D:4      | Reached skill level 1 in Unarmed Combat
  4496 | D:4      | Reached XP level 7. HP: 53/53 MP: 8/15
  4650 | D:5      | Entered Level 5 of the Dungeon
  4730 | D:5      | Found a staircase to the Ecumenical Temple.
  5016 | D:5      | Reached skill level 5 in Earth Magic
  5243 | D:5      | Noticed a troll
  5484 | D:5      | Found a radiant altar of Vehumet.
  5770 | D:5      | Reached ** piety under Demigod
  5833 | D:6      | Reached XP level 8. HP: 62/62 MP: 3/17
  5940 | D:6      | Found Qoeps's General Store.
  5943 | D:6      | Noticed Natasha
  5947 | D:6      | Killed Natasha
  5997 | D:6      | Found a glowing silver altar of Zin.
  5997 | D:6      | Found a shadowy altar of Dithmenos.
  5998 | D:6      | Found a shimmering blue altar of Sif Muna.
  6000 | D:6      | Found a hazy altar of Hepliaklqana.
  6061 | D:6      | Noticed Natasha
  6066 | D:6      | Killed Natasha
  6108 | D:6      | Got a twisted great mace
  6109 | D:6      | Identified the +6 great mace "Hydrabane" {drain, +Rage
                  | rElec MR+} (You found it on level 6 of the Dungeon)
  6206 | D:6      | Noticed Blork the orc
  6212 | D:6      | Killed Blork the orc
  6654 | D:6      | Found a shimmering altar of Xom.
  6654 | D:6      | Noticed Edmund
  6749 | D:5      | Killed Edmund
  7118 | D:7      | Noticed Menkaure
  7120 | D:7      | Killed Menkaure
  7120 | D:7      | Reached XP level 9. HP: 70/70 MP: 12/19
  7307 | D:7      | Learned a level 2 spell: Passwall
  7560 | D:7      | Reached skill level 5 in Conjurations
  7560 | D:7      | Reached skill level 1 in Transmutations
  8201 | D:7      | Reached *** piety under Demigod
  8331 | D:7      | Noticed a troll
  8336 | D:7      | Killed a troll
  8430 | D:7      | Reached skill level 5 in Dodging
  8430 | D:7      | Reached skill level 5 in Spellcasting
  8579 | D:7      | Noticed a two-headed ogre
  8699 | D:7      | Killed a two-headed ogre
  8699 | D:7      | Reached skill level 1 in Maces & Flails
  8699 | D:7      | Reached XP level 10. HP: 80/80 MP: 8/21
  8909 | D:8      | Learned a level 4 spell: Petrify
  8996 | D:8      | Found Ziavo Lyku's Antique Armour Emporium.
  9847 | D:8      | Found a staircase to the Lair.
 10060 | D:8      | Reached skill level 5 in Fighting
 10228 | D:8      | Reached **** piety under Demigod
 10602 | D:9      | Reached skill level 1 in Armour
 10787 | D:9      | Noticed a gargoyle
 10803 | D:9      | Killed a gargoyle
 10803 | D:9      | Reached XP level 11. HP: 57/88 MP: 11/23
 11104 | D:9      | Found a staircase to the Orcish Mines.
 11216 | D:9      | Killed an unseen horror
 11216 | D:9      | Reached skill level 1 in Invocations
 11344 | D:9      | Noticed a three-headed hydra
 11351 | D:9      | Killed a three-headed hydra
 11462 | Lair:1   | Entered Level 1 of the Lair of Beasts
 11462 | Lair:1   | Found a burning altar of Makhleb.
 11532 | Lair:1   | Reached ***** piety under Demigod
 11993 | Lair:1   | Noticed an oklob plant
 12228 | Lair:1   | Reached skill level 5 in Maces & Flails
 12679 | Lair:2   | Reached XP level 12. HP: 79/96 MP: 14/25
 12683 | Lair:2   | Found a frozen archway.
 12707 | IceCv    | Entered an ice cave
 12901 | IceCv    | Reached skill level 5 in Invocations
 13745 | Lair:2   | Noticed an eight-headed hydra
 13759 | Lair:2   | Killed an eight-headed hydra
 13885 | Lair:2   | Noticed an eight-headed hydra
 13899 | Lair:2   | Killed an eight-headed hydra
 14055 | Lair:2   | Found a staircase to the Swamp.
 14242 | Lair:2   | Got a glittering pewter ring
 14244 | Lair:2   | Identified the ring of Xom's Displeasure {rElec MR+ Dex+4
                  | SInv} (You found it on level 2 of the Lair of Beasts)
 14828 | Lair:3   | Noticed Harold
 14854 | Lair:3   | Killed Harold
 15058 | Lair:3   | Found a hole to the Spider Nest.
 15287 | Lair:3   | Reached XP level 13. HP: 100/105 MP: 18/28
 17131 | Lair:5   | Found a staircase to the Slime Pits.
 17132 | Lair:5   | Found a viscous altar of Jiyva.
 17165 | Lair:5   | Got a shimmering chain mail
 17475 | Lair:6   | Entered Level 6 of the Lair of Beasts
 17645 | Lair:6   | Slain by an anaconda

Skill      XL: |  1  2  3  4  5  6  7  8  9 10 11 12 13 |
---------------+----------------------------------------+-----
Spellcasting   | 2 3 4 5 6 7 |  7.5
Earth Magic    | 3 4 5 6 7 8 9 |  9.6
Dodging        | 2 3 4 5 6 7 8 |  8.6
Conjurations   | 1 2 3 4 6 7 8 9 |  9.4
Fighting       | 1 2 3 4 5 6 7 |  7.6
Unarmed Combat | 1 2 |  2.2
Transmutations | 1 2 |  2.0
Stealth        | 3 4 |  4.0
Maces & Flails | 1 3 5 6 7 |  7.3
Armour         | 1 2 |  2.7
Invocations    | 4 6 7 |  7.5
Evocations     | |  0.3

Action                   |  1- 3 |  4- 6 |  7- 9 | 10-12 | 13-15 || total
-------------------------+-------+-------+-------+-------+-------++-------
Melee: Unarmed           |   145 |   103 |    91 |       |       ||   339
       Great mace        |       |       |     9 |   278 |   119 ||   406
 Cast: Sandblast         |    44 |     7 |    18 |    68 |    28 ||   165
       Stone Arrow       |     7 |    57 |   146 |   216 |    14 ||   440
       Passwall          |       |       |    10 |       |       ||    10
       Petrify           |       |       |       |    32 |    18 ||    50
Invok: Temporal Distorti |       |       |     1 |       |       ||     1
       Heroism           |       |       |       |     2 |       ||     2
       Divine Shield     |       |       |       |     1 |       ||     1
Evoke: Wand              |       |       |     1 |    13 |     1 ||    15
  Use: Scroll            |       |       |     6 |     7 |       ||    13
       Potion            |       |       |       |     9 |     1 ||    10
 Stab: Sleeping          |     5 |       |     1 |     1 |       ||     7
       Petrified         |       |       |       |    22 |    20 ||    42
       Petrifying        |       |       |       |     3 |     2 ||     5
  Eat: Chunk             |     4 |    13 |    21 |    25 |    10 ||    73
       Ration            |       |       |     1 |       |       ||     1
Armor: Robe              |    39 |    19 |    20 |     2 |       ||    80
       Troll leather arm |       |       |       |   128 |    33 ||   161
       Skin              |       |       |       |    37 |       ||    37
       Ring mail         |       |       |       |    20 |       ||    20
Dodge: Dodged            |   146 |    75 |   112 |   417 |   190 ||   940
Block: Other             |     5 |    13 |     6 |    40 |    12 ||    76
       Reflection        |       |       |     1 |     1 |       ||     2
